 Dungeon Crawl Stone Soup version 0.27-a0-249-g74f53ef629 (webtiles) character file.

Game seed: 542947782970045529

46 voltaire321 the Stinger (level 3, 0/23 HPs)
             Began as an Octopode Venom Mage on Feb 1, 2021.
             Succumbed to an adder's poison
             ... on level 2 of the Dungeon on Feb 3, 2021.
             The game lasted 00:05:38 (1575 turns).

voltaire321 the Stinger (Octopode Venom Mage)       Turns: 1575, Time: 00:05:39

Health: 0/23       AC:  1    Str: 10    XL:     3   Next: 66%
Magic:  6/6        EV: 13    Int: 17    God:
Gold:   64         SH:  0    Dex: 12    Spells: 3/6 levels left

rFire    . . .     SeeInvis .   f - +0 short sword
rCold    . . .     Faith    .   (no shield)
rNeg     . . .     Spirit   .   (helmet restricted)
rPois    .         Reflect  .   (no amulet)
rElec    .         Harm     .   (no ring)
rCorr    .         Rampage  .   (no ring)
Will     .....                  (no ring)
Stlth    +++.......             (no ring)
HPRegen  0.07/turn              (no ring)
MPRegen  0.10/turn              (no ring)
                                (no ring)
                                (no ring)

@: lethally poisoned (0 -> -6)
A: almost no armour, stealthy swim, amphibious, 8 rings, constrict 8, camouflage
1, blurry vision 1, strong 1, gelatinous body 1
a: no special abilities


You were on level 2 of the Dungeon.
You visited 1 branch of the dungeon, and saw 2 of its levels.

You collected 64 gold pieces.

Inventory:

Hand Weapons
 f - a +0 short sword (weapon)
Jewellery
 b - an uncursed amulet of reflection {unknown}
 e - a cursed -4 ring of protection {unknown}
Scrolls
 a - 2 scrolls of identify {unknown}
 c - 2 scrolls of fog {unknown}
 g - a scroll of enchant armour {unknown}


   Skills:
 + Level 1.0 Fighting
 + Level 2.3 Dodging
 - Level 2.6 Stealth
 + Level 2.3 Spellcasting
 + Level 1.7 Transmutations
 + Level 0.5 Air Magic
 + Level 4.1 Poison Magic


You had 3 spell levels left.
You knew the following spells:

 Your Spells              Type           Power        Failure   Level
a - Sting                 Tmut/Pois      44%          5%          1
b - Poisonous Vapours     Pois/Air       18%          11%         2

Your spell library contained the following spells:

 Spells                   Type           Power        Failure   Level
 Ignite Poison            Fire/Tmut/Pois 8%           26%         3
 Mephitic Cloud           Conj/Pois/Air  7%           30%         3
 Olgreb's Toxic Radiance  Pois           15%          34%         4


Dungeon Overview and Level Annotations

Branches:
Dungeon (2/15)

Altars:


Innate Abilities, Weirdness & Mutations

You cannot wear most types of armour.
You are very stealthy in the water. (Stealth+)
You are amphibious.
You can wear up to eight rings at the same time.
You can use your tentacles to constrict eight enemies at once.
Your skin changes colour to match your surroundings (Stealth+).
Your rubbery body absorbs attacks. (AC +1, EV +1)
Scrolls take you a little longer to read.
Your muscles are strong. (Str +2)


Message History

You feel sick.
* * * LOW HITPOINT WARNING * * *
You feel sick.
You open the door.
* * * LOW HITPOINT WARNING * * *
You feel sick.
There is an open door here.
* * * LOW HITPOINT WARNING * * *
You feel sick.
Really walk into that dispersal trap? [Y]es or [N]o only, please.
Really walk into that dispersal trap? [Y]es or [N]o only, please.
Really walk into that dispersal trap? [Y]es or [N]o only, please.
Really walk into that dispersal trap? [Y]es or [N]o only, please.
Really walk into that dispersal trap?
Okay, then.
You die...

##...###.###......#
#....)>..# #..###.#
##...##### #..# ##.## #..###
$# #.# #....# # #.# #.#
#..#.# # #. #.# ##'##
#.##.#.# #.#### #.###...##
#.##.#.# #....# #.##.@...##
#......# #.#..# #.#...^...##
##.#.###
#....###>.........####....###
#.................'..........
#.................####....###
####..#####....[..## #..###
#.....# ##.....## #.##
#.##### ##...## #†#
#.######### ##+## #.#


There were no monsters in sight!

Vanquished Creatures
  An adder (D:2)
  An ooze (D:2)
  2 leopard geckos (D:1)
  A giant cockroach (D:1)
  4 goblins
  3 hobgoblins (D:1)
  3 jackals (D:1)
  3 bats (D:1)
  2 frilled lizards
  4 kobolds
  4 rats (D:1)
28 creatures vanquished.

Notes
Turn   | Place    | Note
-------+----------+-------------------------------------------
     0 | D:1      | voltaire321 the Octopode Venom Mage began the quest for the
                  | Orb.
     0 | D:1      | Reached XP level 1. HP: 11/11 MP: 3/3
   477 | D:1      | Reached XP level 2. HP: 18/18 MP: 3/5
   679 | D:1      | Learned a level 2 spell: Poisonous Vapours
   815 | D:1      | Reached skill level 4 in Poison Magic
   838 | D:1      | Reached XP level 3. HP: 18/22 MP: 4/6
  1255 | D:1      | Upgraded the game from 0.27-a0-223-ge082b6e869 to
                  | 0.27-a0-249-g74f53ef629
  1504 | D:2      | Reached skill level 1 in Fighting
  1564 | D:2      | Gained mutation: Scrolls take you a little longer to read.
                  | [potion of mutation]
  1564 | D:2      | Gained mutation: Your muscles are strong. (Str +2) [potion
                  | of mutation]
  1571 | D:2      | HP: 1/23 [poisoned by an adder]
  1575 | D:2      | Succumbed to an adder's poison

Illustrated notes

Levels and vault maps discovered:
D:1:      wander_arrival_peaceful_grave, layout_basic, st_stairs_12,
          columned_hall_lemuel, minmay_pentomino_p2
D:2:      layout_loops_corners

Skill      XL: |  1  2  3 |
---------------+----------+-----
Poison Magic   | 4 |  4.1
Fighting       | 1 |  1.0
Dodging        | |  2.3
Stealth        | |  2.6
Spellcasting   | |  2.3
Transmutations | |  1.7
Air Magic      | |  0.5

Action                   || total
-------------------------++-------
Melee: Unarmed           ||    17
       Constrict         ||     7
       Tentacles         ||     5
       Short sword       ||    12
 Cast: Sting             ||    28
  Use: Potion            ||     1
Armor: Skin              ||     3
Dodge: Dodged            ||    19

Table legend: (Time is in decaauts)
 A = Elapsed time spent in this place.
 B = Non-inter-level travel time spent in this place.
 C = Inter-level travel time spent in this place.
 D = Time resting spent in this place.
 E = Time spent auto-exploring this place.
 F = Levels seen in this place.
 G = Mean time per level.
                   A        B        C        D        E       F      G
               +--------+--------+--------+--------+--------+-----+--------+
         Total |   1576 |   1512 |     64 |    498 |    685 |   2 |  788.0 |
       Dungeon |   1576 |   1512 |     64 |    498 |    685 |   2 |  788.0 |
               +--------+--------+--------+--------+--------+-----+--------+

Top non-repeatable levels by time:
     D:1: 1387 daAuts
     D:2: 189 daAuts
